 Dungeon Crawl Stone Soup version 0.27.1-4-g1640c2035a (webtiles) character file.

Game seed: 17610432007129401749

105 Stomo444 the Skirmisher (level 4, 0/48 HPs)
             Began as an Ogre Gladiator on Nov 17, 2021.
             Slain by a gnoll (9 damage)
             ... on level 3 of the Dungeon.
             The game lasted 00:03:09 (2806 turns).

Stomo444 the Skirmisher (Ogre Gladiator)            Turns: 2806, Time: 00:03:09

Health: 0/48       AC:  3    Str: 19    XL:     4   Next: 81%
Magic:  4/4        EV: 10    Int:  9    God:
Gold:   52         SH:  0    Dex: 10    Spells: 3/3 levels left

rFire    + . .     SeeInvis .   a - +0 flail
rCold    . . .     Faith    .   (no shield)
rNeg     . . .     Spirit   .   b - +0 robe
rPois    .         Reflect  .   c - +0 hat
rElec    .         Harm     .   (no cloak)
rCorr    .         Rampage  .   (gloves unavailable)
Will     .....                  (boots unavailable)
Stlth    +.........             k - amulet of the acrobat
HPRegen  0.16/turn              j - ring of protection from fire
MPRegen  0.09/turn              (no ring)

@: no status effects
A: large, unfitting armour, tough skin 1
a: no special abilities


You were on level 3 of the Dungeon.
You visited 1 branch of the dungeon, and saw 3 of its levels.

You collected 52 gold pieces.

Inventory:

Hand Weapons
 a - a +0 flail (weapon)
Missiles
 d - a throwing net (quivered)
Armour
 b - a +0 robe (worn)
 c - a +0 hat (worn)
Jewellery
 j - a ring of protection from fire (left hand)
 k - an amulet of the acrobat (around neck)
Scrolls
 e - 2 scrolls of identify {unknown}
 f - 3 scrolls of noise {unknown}
 h - 3 scrolls of vulnerability {unknown}
 l - a scroll of fog {unknown}
 m - a scroll of teleportation {unknown}
Potions
 g - a potion of ambrosia {unknown}
 i - 2 potions of attraction {unknown}


   Skills:
 + Level 4.3 Fighting
 + Level 3.5 Maces & Flails
 - Level 2.0 Throwing
 + Level 3.5 Dodging


You had 3 spell levels left.
You didn't know any spells.
Your spell library was empty.

Dungeon Overview and Level Annotations

Branches:
Dungeon (3/15)

Altars:


Innate Abilities, Weirdness & Mutations

You are too large for most types of armour.
You have tough skin. (AC +1)


Message History

The gnoll shouts!
A gnoll is nearby!
A gnoll is nearby!
A gnoll is nearby!
A gnoll comes into view. It is wielding a +0 halberd.
The gnoll shouts!
You hit the gnoll.
The gnoll is moderately wounded.
The gnoll hits you with a +0 flail.
You hit the gnoll.
The gnoll is moderately wounded.
The gnoll barely misses you.
A gnoll comes into view.
It is wielding a +0 halberd of protection.
The gnoll barely misses you.
The gnoll shouts!
You hit the gnoll but do no damage.
The gnoll is moderately wounded.
You hear a shout!
The gnoll barely misses you. x2
A gnoll comes into view. It is wielding a +0 club.
You hit the gnoll but do no damage.
The gnoll is moderately wounded.
The gnoll hits you with a +0 flail.
The gnoll hits you from afar with a +0 halberd.
The gnoll barely misses you.
You hit the gnoll.
The gnoll is moderately wounded.
The gnoll hits you from afar with a +0 halberd.
The gnoll hits you with a +0 flail.
The gnoll hits you from afar with a +0 halberd!
* * * LOW HITPOINT WARNING * * *
You are too injured to fight recklessly!
There are monsters nearby!
There are monsters nearby!
Unknown command.
There is a stone staircase leading up here.
The gnoll hits you from afar with a +0 halberd.
* * * LOW HITPOINT WARNING * * *
The gnoll hits you with a +0 flail!
You die...

### ..#
#.# #.#
#.##@###.#
#....ggg.#
####.#####
#.# #.#
#.. ...
... ....


You could see 3 gnolls.

Vanquished Creatures
  4 gnolls (D:2)
  3 adders (D:2)
  4 ball pythons
  2 endoplasms (D:2)
  A giant cockroach (D:2)
  4 goblins
  5 hobgoblins
  2 kobolds (D:2)
  A quokka (D:2)
  5 bats
  5 frilled lizards
  8 rats
44 creatures vanquished.

Notes
Turn   | Place    | Note
-------+----------+-------------------------------------------
     0 | D:1      | Stomo444 the Ogre Gladiator began the quest for the Orb.
     0 | D:1      | Reached XP level 1. HP: 22/22 MP: 1/1
   346 | D:1      | Reached skill level 3 in Fighting
   421 | D:1      | Reached XP level 2. HP: 16/31 MP: 2/2
  1108 | D:1      | Found a faded altar of an unknown god.
  1293 | D:2      | Reached XP level 3. HP: 34/37 MP: 3/3
  2118 | D:2      | Reached XP level 4. HP: 18/48 MP: 4/4
  2121 | D:2      | Reached skill level 4 in Fighting
  2806 | D:3      | Slain by a gnoll

Illustrated notes

Levels and vault maps discovered:
D:1:      lemuel_arrival_lava_pool, layout_loops_corners,
          chequers_ecumenical_altar_simple_redux, kennysheep_doodads
D:2:      minmay_skewed_foursquare, layout_basic,
          hangedman_abyss_or_decor_lesser_grid, minivault_5, hex_large
D:3:      layout_loops_corners, nicolae_sif_muna_condensation,
          ebering_ghost_reflecting_pool

Skill      XL: |  1  2  3  4 |
---------------+-------------+-----
Fighting       | 3 4 |  4.3
Dodging        | 3 |  3.5
Maces & Flails | 3 |  3.5
Throwing       | |  2.0

Action                   |  1- 3 |  4- 6 || total
-------------------------+-------+-------++-------
Melee: Flail             |   151 |    25 ||   176
Throw: Throwing net      |       |     2 ||     2
 Stab: Sleeping          |     1 |       ||     1
       Held in net/web   |       |     1 ||     1
Armor: Robe              |    55 |     4 ||    59
Dodge: Dodged            |   109 |    16 ||   125
